 Dungeon Crawl Stone Soup version 0.30-a0-986-g7f2e898f52 (webtiles) character file.

Game seed: 9915073453757999832

38 mopl the Magician (level 3, 0/21 HPs)
             Began as an Octopode Hedge Wizard on Apr 1, 2023.
             Frozen to death by an endoplasm (2 damage)
             ... on level 2 of the Dungeon.
             The game lasted 00:01:22 (1130 turns).

mopl the Magician (Octopode Hedge Wizard)           Turns: 1130, Time: 00:01:23

Health: 0/21       AC:  1    Str:  9    XL:     3   Next: 43%
Magic:  7/7        EV: 13    Int: 18    God:
Gold:   80         SH:  0    Dex: 11    Spells: 2/8 levels left

rFire   . . .      SeeInvis .    a - +0 dagger
rCold   . . .      Faith    .    (no shield)
rNeg    . . .      Spirit   .    b - +0 hat
rPois   .          Reflect  .    (no amulet)
rElec   .          Rampage  .    (no ring)
rCorr   .                        (no ring)
Will    .....                    (no ring)
Stlth   +++                      (no ring)
HPRegen 0.23/turn                (no ring)
MPRegen 0.10/turn                (no ring)
                                 (no ring)
                                 (no ring)

@: no status effects
A: almost no armour, amphibious, 8 rings, camouflage 1, gelatinous body 1,
(nimble swimmer 1), tentacles
a: no special abilities


You were on level 2 of the Dungeon.
You visited 1 branch of the dungeon, and saw 2 of its levels.

You collected 80 gold pieces.

Inventory:

Hand Weapons
 a - a +0 dagger (weapon)
 g - a +1 short sword of flaming
Armour
 b - a +0 hat (worn)
Jewellery
 e - a ring of ice
Scrolls
 f - a scroll of identify {unknown}
 h - a scroll of enchant armour {unknown}
 j - a scroll of amnesia {unknown}
Potions
 c - a potion of magic
 d - a potion of heal wounds {unknown}
 i - a potion of curing {unknown}


   Skills:
 - Level 2.0 Dodging
 - Level 2.6 Stealth
 + Level 3.4 Spellcasting
 + Level 1.9 Conjurations
 - Level 1.0 Summonings
 + Level 2.0 Translocations


You had 2 spell levels left.
You knew the following spells:

 Your Spells              Type           Power      Damage    Failure   Level
a - Magic Dart            Conj           40%        1d5       7%          1
c - Mephitic Cloud        Conj/Pois/Air  5%         N/A       34%         3
e - Blink                 Tloc           20%        N/A       10%         2

Your spell library contained the following spells:

 Spells                   Type           Power      Damage    Failure   Level
 Slow                     Hex            12%        N/A       16%         1
 Call Imp                 Summ           6%         N/A       16%         2
 Cigotuvi's Dreadful Rot  Necr/Pois/Air  6%         N/A       24%         2


Dungeon Overview and Level Annotations

Branches:
Dungeon (2/15)

Altars:

Annotations:
D:2 Jessica


Innate Abilities, Weirdness & Mutations

You cannot wear most types of armour.
You are amphibious.
You can wear up to eight rings at the same time.
Your skin changes colour to match your surroundings (Stealth+).
Your rubbery body absorbs attacks. (AC +1, EV +1)
((You are camouflaged when in or above water. (Stealth+)))
You have tentacles for arms and can constrict up to eight enemies at once.


Message History

A bat comes into view.
A bat is nearby!
The magic dart hits the bat.
You kill the bat!
No target in view!
You see here a frilled lizard corpse.
Magic restored.
A ball python comes into view.
Found a dark potion.
A rat comes into view.
Found a scroll labelled ONUM XOKHI and a ring mail.
You barely miss the ball python. Your grab misses the ball python.
The ball python bites you. The ball python barely misses you.
You hit the ball python.
You kill the ball python!
Jessica, a worm and a ball python come into view.
Jessica is wielding a +2 dagger of pain.
Found a stone staircase leading up.
You see here a ball python corpse.
An endoplasm and a giant cockroach come into view.
Found a green potion and 13 gold pieces.
You hit the worm but do no damage. You grab the worm.
You squeeze the worm, but do no damage. You constrict the worm.
You hit the worm.
The worm is moderately wounded.
You constrict the worm. The worm closely misses you.
You hit the worm.
The worm is moderately wounded.
You constrict the worm. The worm bites you!
You hit the worm but do no damage.
The worm is moderately wounded.
You constrict the worm. You hit the worm but do no damage.
You squeeze the worm.
The worm is severely wounded.
You constrict the worm. The worm bites you!
Ouch! That really hurt!
* * * LOW HITPOINT WARNING * * *
The endoplasm freezes you.
You are frozen.
You die...

#.. #.# ..# #.#
## #.## ### #.#
#$. #.. .# #.#
$..#..###.## #.#
.J#.r.!...# #.#
#.##.†##.# #.#
#.#.wJ#.####.#
#.##@.......#
#...#B#...##..##
#... #.##....##
.@.#...#!#..###
#<#.#... ##.## #
#[?.# ...# ###
##..# #..# #...


You could see a worm, an endoplasm and a rat.

Vanquished Creatures
  A worm (D:2)
  3 ball pythons
  4 endoplasms (D:1)
  A giant cockroach (D:1)
  2 goblins
  2 hobgoblins (D:1)
  4 jackals (D:1)
  4 quokkas (D:1)
  2 bats
  2 frilled lizards
  4 kobolds (D:1)
  2 rats (D:1)
31 creatures vanquished.

Vanquished Creatures (others)
  A plant (D:1)
  5 toadstools (D:1)
6 creatures vanquished.

Grand Total: 37 creatures vanquished

Notes
Turn   | Place    | Note
-------+----------+-------------------------------------------
     0 | D:1      | mopl the Octopode Hedge Wizard began the quest for the Orb.
     0 | D:1      | Reached XP level 1. HP: 11/11 MP: 4/4
   232 | D:1      | Reached XP level 2. HP: 13/17 MP: 6/6
   267 | D:1      | Learned a level 2 spell: Blink
   563 | D:1      | Reached XP level 3. HP: 21/21 MP: 7/7
   567 | D:1      | Learned a level 3 spell: Mephitic Cloud
  1053 | D:2      | Reached skill level 2 in Translocations
  1118 | D:2      | Noticed Jessica
  1130 | D:2      | Frozen to death by an endoplasm

Illustrated notes

Levels and vault maps discovered:
D:1:      ldierk_walled_garden, layout_loops_ring, serial_forest,
          infiniplex_forest_end_2, infiniplex_forest_3_way,
          infiniplex_forest_clump_diagonal, infiniplex_forest_end_3,
          infiniplex_forest_clump_curved, infiniplex_forest_lined_1,
          infiniplex_forest_straight_3, infiniplex_forest_straight_2,
          minmay_misc_feat_cross, minmay_tromino_i2
D:2:      layout_basic, serial_shops, shop, minmay_vboxes, uniq_jessica

Skill      XL: |  1  2  3 |
---------------+----------+-----
Translocations | 2 |  2.0
Dodging        | |  2.0
Stealth        | |  2.6
Spellcasting   | |  3.4
Conjurations   | |  1.9
Summonings     | |  1.0

Action                     || total
---------------------------++-------
  Melee: Dagger            ||    70
         Constrict         ||    16
         Tentacles         ||    15
   Cast: Magic Dart        ||     7
   Stab: Sleeping          ||    11
 Armour: Skin              ||     2
  Dodge: Dodged            ||    36

Table legend: (Time is in decaauts)
 A = Elapsed time spent in this place.
 B = Non-inter-level travel time spent in this place.
 C = Inter-level travel time spent in this place.
 D = Time resting spent in this place.
 E = Time spent auto-exploring this place.
 F = Levels seen in this place.
 G = Mean time per level.
                   A        B        C        D        E       F      G
               +--------+--------+--------+--------+--------+-----+--------+
         Total |   1129 |   1067 |     62 |      0 |    857 |   2 |  564.5 |
       Dungeon |   1129 |   1067 |     62 |      0 |    857 |   2 |  564.5 |
               +--------+--------+--------+--------+--------+-----+--------+

Top non-repeatable levels by time:
     D:1: 1033 daAuts
     D:2: 96 daAuts
